AoeStats
← DaTuRa

Arena

510154788Analyzed
4v4 RM · 4d ago on Sep 29, 2026· 53m 5s· 8 players
Game mode
Random Map
Map size
Large (8 player)
Population
200
Speed
Normal
Resources
Standard
Victory
Conquest
Starting age
Dark Age
Ending age
Imperial Age
RankedLock teamsTeams togetherTeam positionsShared explorationLock speedFull tech treeHidden civsTurbo modeCheats
Victory
Defeat
🇫🇷 Britons · France
1494
+14
🇧🇪 Italians · Belgium
1477
+14
🇫🇷 Hindustanis · France
1460
+15
🇫🇷 Persians · France
1349
+19
🇹🇷 Huns · Türkiye
1505
-18
🇹🇷 Tatars · Türkiye
1476
-17
🇹🇷 Khmer · Türkiye
1404
-14
🇹🇷 Italians · Türkiye
1361
-13
BLACK EAGLE
10:43 Feudal Age
14:14 Castle Age
12:06 Double-Bit Axe
12:38 Horse Collar
15:26 Heavy Plow
15:40 Bow Saw
18:57 Wheelbarrow
23:42 Husbandry
24:42 Scale Barding Armor
24:48 Forging
24:54 Bloodlines
25:10 Hand Cart
24:40 Loom
26:54 Gold Mining
26:51 Loom
26:52 Town Watch
27:31 Chain Barding Armor
27:47 Iron Casting
27:26 Light Cavalry
28:55 Gold Shaft Mining
32:50 Imperial Age
30:21 Town Patrol
33:37 Double Crossbow
33:29 Heavy Scorpion
35:03 Plate Barding Armor
35:28 Blast Furnace
35:37 Chemistry
35:04 Hussar
36:12 Ballistics
36:29 Plate Barding Armor
36:55 Blast Furnace
38:28 Siege Engineers
44:01 Caravan
livulove
9:14 Feudal Age
13:13 Castle Age
11:23 Double-Bit Axe
11:42 Horse Collar
17:38 Loom
20:06 Wheelbarrow
21:16 Hand Cart
22:47 Bow Saw
23:32 Heavy Plow
27:27 Imperial Age
25:15 Scale Barding Armor
25:25 Gold Mining
25:36 Town Watch
26:44 Gold Shaft Mining
26:27 Forging
27:12 Chain Barding Armor
27:11 Husbandry
27:29 Bloodlines
28:45 Plate Barding Armor
29:02 Elite Tarkan
30:28 Stone Mining
31:19 Iron Casting
33:16 Blast Furnace
32:16 Scale Mail Armor
32:18 Squires
32:03 Arson
32:49 Guilds
32:17 Pikeman
34:24 Conscription
33:26 Halberdier
34:54 Chain Mail Armor
35:26 Fletching
38:49 Chemistry
38:07 Bodkin Arrow
47:24 Bracer
50:33 Light Cavalry
52:42 Hussar
Ramci
11:01 Feudal Age
14:46 Castle Age
12:56 Double-Bit Axe
13:36 Horse Collar
15:37 Bow Saw
17:54 Wheelbarrow
19:52 Loom
22:56 Bloodlines
25:21 Scale Barding Armor
26:04 Forging
26:43 Chain Barding Armor
29:06 Iron Casting
31:49 Imperial Age
31:17 Fletching
31:49 Padded Archer Armor
31:53 Cavalier
33:10 Plate Barding Armor
32:57 Conscription
32:48 Husbandry
32:36 Treadmill Crane
32:39 Elite Skirmisher
33:07 Pikeman
33:48 Squires
33:09 Crossbowman
33:54 Thumb Ring
35:08 Two-Man Saw
34:09 Heavy Plow
35:12 Blast Furnace
34:11 Bodkin Arrow
34:07 Arbalester
34:58 Gold Mining
34:59 Stone Mining
35:41 Bracer
36:48 Chemistry
36:08 Ballistics
37:07 Blast Furnace
38:01 Scale Mail Armor
39:32 Pirotechnia
40:53 Crop Rotation
40:43 Leather Archer Armor
40:44 Chain Mail Armor
40:56 Murder Holes
42:31 Ring Archer Armor
42:56 Plate Mail Armor
42:39 Fortified Wall
43:58 Hand Cart
46:59 Arson
51:50 Light Cavalry
DaTuRa
9:18 Feudal Age
11:00 Loom
13:42 Castle Age
19:53 Double-Bit Axe
19:49 Horse Collar
20:41 Husbandry
23:52 Bow Saw
26:27 Wheelbarrow
27:32 Fletching
27:51 Heavy Plow
27:42 Gold Mining
27:43 Stone Mining
32:37 Imperial Age
31:20 Silk Armor
31:33 Bodkin Arrow
31:39 Padded Archer Armor
33:33 Leather Archer Armor
33:53 Ballistics
34:34 Chemistry
34:02 Conscription
34:46 Chemistry
33:28 Heavy Cavalry Archer
35:31 Gold Shaft Mining
34:58 Bracer
35:22 Bloodlines
37:50 Ring Archer Armor
50:00 Elite Skirmisher
TabA_Carpect
9:58 Feudal Age
13:53 Castle Age
11:43 Horse Collar
13:10 Double-Bit Axe
14:36 Fletching
14:32 Crossbowman
21:35 Wheelbarrow
20:46 Loom
21:52 Heavy Plow
22:44 Town Watch
23:05 Gold Mining
24:08 Hand Cart
24:35 Bow Saw
25:16 Bodkin Arrow
30:42 Imperial Age
27:42 Elite Skirmisher
28:24 Padded Archer Armor
28:57 Ballistics
29:30 Leather Archer Armor
29:52 Treadmill Crane
30:06 Pikeman
30:47 Squires
30:50 Scale Mail Armor
31:25 Stone Mining
31:36 Bracer
31:39 Elite Longbowman
32:42 Conscription
31:43 Elite Longbowman
33:08 Caravan
34:03 Ring Archer Armor
34:34 Yeomen
34:56 Chain Mail Armor
34:51 Forging
36:17 Two-Man Saw
35:39 Masonry
36:32 Chemistry
35:43 Masonry
35:38 Halberdier
37:05 Plate Mail Armor
38:06 Iron Casting
38:25 Siege Engineers
38:51 Architecture
40:13 Warwolf
39:46 Onager
43:55 Blast Furnace
43:35 Murder Holes
52:23 Town Patrol
TabA_Falcostrix
10:46 Feudal Age
11:53 Double-Bit Axe
12:20 Horse Collar
14:50 Castle Age
15:49 Bow Saw
16:17 Wheelbarrow
15:44 Heavy Plow
21:02 Hand Cart
20:48 Gold Mining
23:36 Gold Shaft Mining
25:23 Scale Barding Armor
25:16 Loom
28:03 Imperial Age
26:08 Forging
26:35 Chain Barding Armor
26:24 Town Watch
27:30 Iron Casting
28:08 Husbandry
28:18 Bloodlines
28:18 Heavy Camel Rider
29:39 Plate Barding Armor
30:22 Chemistry
30:05 Grand Trunk Road
31:24 Blast Furnace
31:34 Two-Man Saw
30:37 Town Patrol
31:47 Imperial Camel Rider
33:08 Caravan
34:16 Siege Engineers
43:07 Light Cavalry
44:45 Hussar
TabA_RoseLG
10:42 Feudal Age
14:30 Castle Age
12:26 Fletching
13:53 Horse Collar
13:59 Double-Bit Axe
18:31 Bodkin Arrow
20:02 Gold Mining
21:27 Crossbowman
24:53 Bow Saw
25:25 Wheelbarrow
29:34 Imperial Age
26:51 Loom
27:46 Padded Archer Armor
28:16 Ballistics
28:53 Thumb Ring
30:18 Bracer
31:19 Chemistry
30:11 Capped Ram
31:53 Leather Archer Armor
32:52 Arbalester
34:57 Heavy Plow
36:38 Pikeman
37:18 Squires
37:19 Scale Mail Armor
37:30 Forging
38:58 Hand Cart
38:52 Caravan
39:41 Chain Mail Armor
41:24 Ring Archer Armor
42:19 Conscription
42:41 Masonry
42:23 Elite Skirmisher
45:08 Architecture
47:15 Treadmill Crane
48:14 Onager
52:05 Plate Mail Armor
TabA_ClémieDaQueen
2:13 Loom
10:26 Feudal Age
15:28 Castle Age
13:51 Double-Bit Axe
14:23 Horse Collar
15:22 Forging
16:09 Scale Barding Armor
16:48 Bloodlines
17:29 Heavy Plow
19:07 Gold Mining
20:49 Wheelbarrow
20:31 Loom
21:44 Chain Barding Armor
22:36 Bow Saw
25:45 Iron Casting
26:15 Husbandry
31:39 Imperial Age
31:24 Cavalier
32:41 Plate Barding Armor
33:08 Blast Furnace
35:17 Gold Shaft Mining
35:00 Hand Cart
34:36 Savar
35:38 Caravan
36:00 Town Watch
39:49 Town Patrol
43:01 Stone Mining
43:09 Fletching
43:17 Murder Holes
45:45 Two-Man Saw
46:21 Bodkin Arrow
46:47 Ballistics
47:28 Chemistry
47:06 Masonry
47:34 Hoardings
47:23 Conscription
46:42 Elite War Elephant
49:11 Citadels
50:08 Padded Archer Armor
50:40 Architecture
51:15 Crop Rotation
Connection lost

Rejoining the realm…

Still unreachable

The connection could not be restored.

Session expired

The server has moved on; the page needs a fresh start.